 Dungeon Crawl Stone Soup version 0.18-a0-775-g4d9e04e (webtiles) character file.

38 Proton the Skirmisher (level 3, -7/36 HPs)
             Began as an Ogre Fighter on Dec 13, 2015.
             Mangled by Sigmund
             ... wielding a +0 scythe
              (14 damage)
             ... on level 2 of the Dungeon.
             The game lasted 00:02:52 (1565 turns).

Proton the Skirmisher (Ogre Fighter)                Turns: 1565, Time: 00:02:52

Health: -7/36      AC:  3    Str: 22    XL:     3   Next: 43%
Magic:  3/3        EV:  8    Int: 12    God:
Gold:   70         SH:  8    Dex:  9    Spells: 0 memorised, 2 levels left

rFire  . . .     SeeInvis .     a - +0 flail
rCold  . . .     Rnd*Rage +     i - +0 robe
rNeg   . . .     SustAt   .     c - +0 shield
rPois  .         Gourm    .     (helmet restricted)
rElec  .         Spirit   .     (no cloak)
rCorr  .         Dismiss  .     (gloves unavailable)
rMut   .         Stasis   .     (boots unavailable)
MR     +....                    (no amulet)
Stlth  +.........               (no ring)
                                k - ring of protection from magic

@: brilliant, very slightly contaminated, invisible, somewhat resistant to
hostile enchantments, very unstealthy
A: unfitting armour, berserk 1, frail 1, high mp 1, tough skin 1
a: no special abilities


You were on level 2 of the Dungeon.
You were hungry.

You visited 1 branch of the dungeon, and saw 2 of its levels.

You collected 70 gold pieces.

Inventory:

Hand Weapons
 a - a +0 flail (weapon)
Missiles
 j - 2 javelins (quivered)
Armour
 c - a +0 shield (worn)
 i - a +0 robe (worn)
Jewellery
 k - a ring of protection from magic (left hand)
Scrolls
 b - a scroll of remove curse
Potions
 d - a potion of might
Comestibles
 f - 2 bread rations
 m - a meat ration


   Skills:
 + Level 4.5 Fighting
 * Level 4.0 Maces & Flails
 + Level 3.0 Dodging
 - Level 2.6 Shields


You had 2 spell levels left.
You didn't know any spells.

Dungeon Overview and Level Annotations

Branches:
Dungeon (2/15)

Altars:

Annotations:
D:2 Jessica, Sigmund


Innate Abilities, Weirdness & Mutations

You are too large for most types of armour.
You have tough skin (AC +1).
You tend to lose your temper in combat.
You are frail (-10% HP).
You have an increased reservoir of magic (+10% MP).


Message History

Sigmund casts a spell.
Sigmund flickers and vanishes!
Deactivating autopickup; reactivate with Ctrl-A.
Drink which item? (? for menu, Esc to quit)
It was a potion of brilliance.
You feel clever all of a sudden.
Drink which item? (? for menu, Esc to quit)
It was a potion of mutation.
You feel extremely strange.
You feel a little pissed off.
You feel frail.
You feel more energetic.
Drink which item? (? for menu, Esc to quit)
You fade into invisibility!
You hear some strange, mumbled words.
A puff of flame appears from out of thin air!
The puff of flame hits you!
* * * LOW HITPOINT WARNING * * *
You are very lightly contaminated with residual magic.
Drink which item? (? for menu, Esc to quit)
Okay, then.
Something hits you!
You die...

##...÷.@.# ##..####§'####
##.@##§§≈.§≈§≈##
##..##≈§§§†...≈§#
###########
##..##§≈...§..@§§§
8##.........#
#..##§≈..........≈
.##.........#
#.##§≈§...........
.>#.........#
#{#≈≈....≈≈≈≈≈≈...
.##.........#
#@#≈....≈.####§§..
8##.........####.#≈....≈##
##§..
#....†.........#≈....≈
#§§§
#.........######≈....≈
#§§. ########### #≈....≈
##≈.. #.≈.. ≈≈§§≈§)..
......§.. .....§..≈


There were no monsters in sight!

Vanquished Creatures
  An adder (D:2)
  2 giant geckos (D:1)
  A giant cockroach (D:1)
  4 hobgoblins
  4 jackals (D:1)
  5 bats
  A giant newt (D:1)
  3 goblins (D:1)
  3 kobolds
  7 rats
31 creatures vanquished.

Notes
Turn   | Place    | Note
--------------------------------------------------------------
     0 | D:1      | Proton the Ogre Fighter began the quest for the Orb.
     0 | D:1      | Reached XP level 1. HP: 24/24 MP: 1/1
   235 | D:1      | Reached XP level 2. HP: 29/32 MP: 2/2
   722 | D:2      | Noticed Jessica
  1246 | D:2      | Reached XP level 3. HP: 9/40 MP: 3/3
  1526 | D:2      | Noticed Sigmund
  1563 | D:2      | Gained mutation: You tend to lose your temper in combat. [potion of mutation]
  1563 | D:2      | Gained mutation: You are frail (-10% HP). [potion of mutation]
  1563 | D:2      | Gained mutation: You have an increased reservoir of magic (+10% MP). [potion of mutation]
  1565 | D:2      | Mangled by Sigmund

Vault maps used:
D:1:      dpeg_arrival_oval
D:2:      nicolae_gozag_seed_capital, nicolae_overflow_hidden_temple,
          kennysheep_big_empty_room, uniq_sigmund, uniq_jessica

Action                   || total
-------------------------++-------
Melee: Flail             ||    81
  Use: Potion            ||     3
       Scroll            ||     2
  Eat: Pizza             ||     1
